 Dungeon Crawl Stone Soup version 0.29.1-1-gd02db6906a (webtiles) character file.

Game seed: 15398787274922490390

2139 karrick the Basher (level 9, -4/75 HPs)
             Began as a Meteoran Fighter on Sept 23, 2022.
             Was a Priest of Okawaru.
             Killed from afar by an acid dragon (24 damage)
             ... with a splash of acid
             ... on level 7 of the Dungeon.
             The game lasted 00:12:12 (2999 turns).

karrick the Basher (Meteoran Fighter)               Turns: 2999, Time: 00:12:13

Health: -4/75      AC:  8    Str: 17    XL:     9   Next: 85%
Magic:  13/13      EV: 15    Int:  9    God:    Okawaru [***...]
Gold:   261        SH:  8    Dex: 24    Spells: 8/8 levels left

rFire   . . .      SeeInvis +   w - +4 flail "Qih Uqot" {vamp, Dex+4}
rCold   . . .      Faith    .   c - +0 buckler
rNeg    . . .      Spirit   .   b - +0 scale mail
rPois   +          Reflect  .   (no helmet)
rElec   .          Harm     .   G - +0 cloak
rCorr   .          Rampage  .   (no gloves)
Will    +....                   B - +0 pair of boots
Stlth   +.........              e - amulet of magic regeneration
HPRegen 0.22/turn               l - ring of see invisible
MPRegen 0.53/turn               m - ring of poison resistance

@: heroic, corroded, glowing
A: sense surroundings 2, otherworldly, glowing, explore regen
a: Renounce Religion, Heroism


You were on level 7 of the Dungeon.
You worshipped Okawaru.
Okawaru was most pleased with you.
You visited 2 branches of the dungeon, and saw 8 of its levels.

You collected 261 gold pieces.

Inventory:

Hand Weapons
 a - a +0 flail
 u - a +1 whip of flaming
 w - the +4 flail "Qih Uqot" (weapon) {vamp, Dex+4}
   (You found it on level 5 of the Dungeon)

   It occasionally heals its wielder for a portion of the damage dealt when it
   wounds a living foe.
   Dex:       It affects your dexterity (+4).
 C - a +0 hand axe of venom
 F - the +5 hammer of the Seven Leylines {venom, rC+ Dex+2}
   (You found it on level 7 of the Dungeon)

   It poisons the flesh of those it strikes.
   Dex:       It affects your dexterity (+2).
   rC:        It protects you from cold.
Armour
 b - a +0 scale mail (worn)
 c - a +0 buckler (worn)
 B - a +0 pair of boots (worn)
 G - a +0 cloak (worn)
Jewellery
 e - an amulet of magic regeneration (around neck)
 k - a ring of resist corrosion
 l - a ring of see invisible (left hand)
 m - a ring of poison resistance (right hand)
Wands
 t - a wand of paralysis (8)
 v - a wand of polymorph (10)
 A - a wand of iceblast (8)
Scrolls
 d - a scroll of magic mapping {unknown}
 f - a scroll of immolation {unknown}
 g - 3 scrolls of vulnerability {unknown}
 i - 2 scrolls of fog {unknown}
 j - a scroll of torment {unknown}
 n - 3 scrolls of amnesia {unknown}
 o - 4 scrolls of identify {unknown}
 p - a scroll of blinking {unknown}
 q - a scroll of noise {unknown}
 y - 2 scrolls of poison {unknown}
 z - 3 scrolls of enchant armour {unknown}
Potions
 h - a potion of curing
 r - 3 potions of heal wounds {unknown}
 s - a potion of flight {unknown}
 x - 2 potions of mutation {unknown}
 D - a potion of attraction {unknown}
 E - a potion of berserk rage


   Skills:
 + Level 5.6(10.6) Fighting
 + Level 10.0(15.0) Maces & Flails
 + Level 7.7(12.7) Armour
 + Level 3.4(8.4) Dodging
 + Level 0.2(5.2) Stealth
 + Level 5.8(10.8) Shields
 * Level 4.6 Invocations


You had 8 spell levels left.
You didn't know any spells.
Your spell library contained the following spells:

 Spells                   Type           Power      Damage    Failure   Level
 Ozocubu's Armour         Ice            0%         N/A       98%         3
 Portal Projectile        Hex/Tloc       0%         N/A       98%         3
 Leda's Liquefaction      Hex/Erth       0%         N/A       100%        4
 Ozocubu's Refrigeration  Ice            0%         4d7       100%        7
 Call Canine Familiar     Summ           Unusable   N/A       N/A         3

Dungeon Overview and Level Annotations

Branches:
Dungeon (7/15) Zot: 1619   Temple (1/1) D:4 Zot: 507

Altars:
Ashenzari
Cheibriados
Elyvilon
Fedhas
Gozag
Hepliaklqana
Kikubaaqudgha
Makhleb
Nemelex Xobeh
Okawaru
Qazlal
Ru
Sif Muna
Uskayaw
Wu Jian
Xom
Yredelemnul
Zin
The Shining One

Annotations:
D:5 1 runed translucent door, Pikel; btbam's ghost, novice MiMo
D:6 2 transporters, turdburglar's ghost, novice GnTm


Innate Abilities, Weirdness & Mutations

You passively map the area around you.
You are easily found by Zot.
You glow in the dark.
You regain HP and MP as you explore.


Message History

The acid dragon spits acid at you. The splash of acid hits you!
The acid dragon spits acid at you. The splash of acid hits you!
The acid corrodes you!
You hit the acid dragon but do no damage.
The acid dragon bites you. The acid dragon claws you.
You hit the acid dragon.
You feel better.
The acid dragon is lightly wounded.
The acid dragon bites you. The acid dragon claws you.
You are too injured to fight recklessly!
You are too injured to fight recklessly!
You hit the acid dragon.
You feel better.
The acid dragon is lightly wounded.
The acid dragon bites you.
The acid dragon claws you but does no damage.
You hit the acid dragon but do no damage.
The acid dragon is lightly wounded.
The acid dragon barely misses you.
The acid dragon claws you but does no damage.
You hit the acid dragon.
You feel better.
The acid dragon is moderately wounded.
The acid dragon bites you! You block the acid dragon's attack.
You gain the combat prowess of a mighty hero.
The acid dragon bites you. The acid dragon claws you.
* * * LOW HITPOINT WARNING * * *
You completely miss the acid dragon.
The acid dragon is lightly wounded.
You block the acid dragon's attack. The acid dragon claws you.
* * * LOW HITPOINT WARNING * * *
You sock the acid dragon!
The acid dragon is heavily wounded.
You hit the acid dragon but do no damage.
The acid dragon is heavily wounded.
The acid dragon closely misses you. The acid dragon claws you.
* * * LOW HITPOINT WARNING * * *
You hit the acid dragon.
You feel better.
The acid dragon is heavily wounded.
The acid dragon spits acid at you. The splash of acid hits you!!
You die...

, , , , .,.. , #.#., *
* ,.###.#.######## # #*
,,..............# . .
,,*#..#..........# #
##.* #.##..........#
...####.##....D..?..#
#....#.##....@.....#
#..#.#...........#
####...............#
####......##..........#
.....##...##..........#
.....)....##..........#
#######.#.#############
#..<..# #.....#


You could see an acid dragon (catching breath).

Vanquished Creatures
  A steam dragon (D:7)
  2 water moccasins
  An ice beast (D:7)
  An orc warrior (D:7)
  2 black bears
  2 sky beasts
  2 centaurs (D:7)
  A phantom (D:7)
  Blork the orc (D:5)
  A bullfrog (D:6)
  A scorpion (D:5)
  5 wights (D:6)
  3 howler monkeys (D:7)
  2 jellies (D:6)
  A gnoll bouda (D:4)
  An orc priest (D:7)
  Crazy Yiuf (D:7)
  2 iguanas
  2 orc wizards
  2 adders (D:6)
  7 gnolls (D:4)
  2 white imps (D:6)
  2 ufetubi (D:4)
  2 dart slugs
  19 orcs
  4 endoplasms
  7 giant cockroaches (D:1)
  7 goblins
  7 hobgoblins
  5 jackals
  3 quokkas
  3 ball pythons
  3 frilled lizards
  4 kobolds
  3 rats (D:1)
112 creatures vanquished.

Vanquished Creatures (others)
  2 withered plants (D:5)
2 creatures vanquished.

Grand Total: 114 creatures vanquished

Notes
Turn   | Place    | Note
-------+----------+-------------------------------------------
     0 | D:1      | karrick the Meteoran Fighter began the quest for the Orb.
     0 | D:1      | Reached XP level 1. HP: 19/19 MP: 2/2
    89 | D:1      | Reached XP level 2. HP: 26/26 MP: 3/3
   124 | D:1      | Reached skill level 3 in Maces & Flails
   162 | D:1      | Reached XP level 3. HP: 12/31 MP: 4/4
   479 | D:1      | Glimpsed the power of Zot.
   529 | D:1      | Glimpsed the power of Zot.
   569 | D:1      | Glimpsed the power of Zot.
   579 | D:1      | Touched by the power of Zot.
   679 | D:1      | Glimpsed the power of Zot.
   729 | D:1      | Glimpsed the power of Zot.
   769 | D:1      | Glimpsed the power of Zot.
   779 | D:1      | Touched by the power of Zot.
   916 | D:2      | Reached XP level 4. HP: 15/15 MP: 5/5
   949 | D:2      | Reached skill level 4 in Maces & Flails
  1311 | D:4      | Noticed a water moccasin
  1318 | D:4      | Killed a water moccasin
  1319 | D:4      | Reached skill level 5 in Maces & Flails
  1319 | D:4      | Reached skill level 1 in Dodging
  1319 | D:4      | Reached XP level 5. HP: 7/40 MP: 6/6
  1319 | D:4      | Reached XP level 6. HP: 8/46 MP: 7/7
  1503 | D:4      | Found a staircase to the Ecumenical Temple.
  1510 | Temple   | Entered the Ecumenical Temple
  1594 | Temple   | Became a worshipper of Warmaster Okawaru
  1638 | D:4      | Reached skill level 5 in Armour
  1669 | D:4      | Reached skill level 6 in Maces & Flails
  1669 | D:4      | Reached XP level 7. HP: 8/58 MP: 8/8
  1842 | D:5      | Entered Level 5 of the Dungeon
  1842 | D:5      | Noticed Pikel
  1956 | D:5      | Identified the +4 flail "Qih Uqot" {vamp, Dex+4}
  1967 | D:5      | Found a runed translucent door.
  1967 | D:5      | Noticed btbam's ghost (novice MiMo)
  2058 | D:5      | Noticed Blork the orc
  2065 | D:5      | Killed Blork the orc
  2065 | D:5      | Reached * piety under Okawaru
  2215 | D:6      | Reached skill level 7 in Maces & Flails
  2215 | D:6      | Reached XP level 8. HP: 37/66 MP: 9/9
  2223 | D:6      | Found a transporter.
  2224 | D:6      | Found a transporter.
  2224 | D:6      | Noticed turdburglar's ghost (novice GnTm)
  2224 | D:6      | Noticed a two-headed ogre
  2256 | D:6      | Found a burning altar of Makhleb.
  2455 | D:6      | Reached skill level 5 in Shields
  2460 | D:6      | Reached ** piety under Okawaru
  2501 | D:6      | HP: 2/63 [wight/+5 trident (4)]
  2505 | D:6      | Reached skill level 1 in Invocations
  2509 | D:6      | Reached skill level 8 in Maces & Flails
  2601 | D:6      | Gained mutation: You passively map the area around you.
                  | [Meteoran growth]
  2601 | D:6      | Reached XP level 9. HP: 73/73 MP: 11/11
  2800 | D:7      | Reached skill level 5 in Fighting
  2834 | D:7      | Reached skill level 9 in Maces & Flails
  2841 | D:7      | Reached *** piety under Okawaru
  2909 | D:7      | Found a runed translucent door.
  2910 | D:7      | Noticed Crazy Yiuf
  2916 | D:7      | Killed Crazy Yiuf
  2920 | D:7      | Identified the +5 hammer of the Seven Leylines {venom, rC+
                  | Dex+2}
  2983 | D:7      | Reached skill level 10 in Maces & Flails
  2999 | D:7      | Killed from afar by an acid dragon

Illustrated notes

Levels and vault maps discovered:
D:1:      psy_arrival_fountain, layout_basic, minmay_stone_trees_medium,
          minmay_worlds_worst_comb
D:2:      layout_basic, shapermc_ecumenical_altar_notcrosses
D:3:      layout_basic, uniq_terence
D:4:      layout_basic, minmay_temple_entry_mist
D:5:      layout_cave_pools, gammafunk_ghost_grave, uniq_pikel,
          uniq_blork_the_orc
D:6:      layout_basic, marbit_many_paths, gammafunk_ghost_smash,
          lightli_orcish_oven
D:7:      layout_rooms, nicolae_figureground_pulse, uniq_crazy_yiuf_cottage
Temple:   dpeg_three_leaves_temple

Skill      XL: |  1  2  3  4  5  6  7  8  9 |
---------------+----------------------------+-----
Armour         | 4 5 6 7 |  7.7
Maces & Flails | 3 5 6 7 8 10 | 10.0
Dodging        | 1 2 3 |  3.4
Shields        | 4 5 |  5.8
Fighting       | 4 5 |  5.6
Invocations    | 2 4 |  4.6
Stealth        | |  0.2

Action                   |  1- 3 |  4- 6 |  7- 9 || total
-------------------------+-------+-------+-------++-------
Melee: Flail             |    81 |    98 |   207 ||   386
Invok: Heroism           |       |       |     2 ||     2
  Use: Potion            |       |     3 |     2 ||     5
Armor: Scale mail        |    44 |    38 |    74 ||   156
Dodge: Dodged            |    33 |    47 |    93 ||   173
Block: Buckler           |    15 |    24 |    64 ||   103
